 Dungeon Crawl Stone Soup version 0.24-a0-446-g87df7205b4 (webtiles) character file.

Game seed: 2033621019634149391

145014 Ijustatesigmund the Warrior (level 17, 0/189 HPs)
             Began as an Ogre Hunter on June 21, 2019.
             Was a High Priest of Cheibriados.
             Slain by an eight-headed hydra (6 damage)
             ... on level 4 of the Swamp on June 24, 2019.
             The game lasted 01:35:53 (32525 turns).

Ijustatesigmund the Warrior (Ogre Hunter)          Turns: 32525, Time: 01:35:53

Health: 0/189      AC: 13    Str: 34    XL:     17   Next: 41%
Magic:  16/25      EV: 24    Int: 24    God:    Cheibriados [*****.]
Gold:   1220       SH:  0    Dex: 28    Spells: 11/16 levels left

rFire    + . .     SeeInvis +   t - +3 dire flail (protect)
rCold    . . .     Gourm    .   (shield currently unavailable)
rNeg     . . .     Faith    .   b - +3 troll leather armour
rPois    .         Spirit   .   D - +1 hat
rElec    .         Reflect  .   h - +1 cloak
rCorr    .         Harm     .   (gloves unavailable)
MR       +....                  (boots unavailable)
Stlth    +.........             G - amulet of regeneration
HPRegen  1.21/turn              l - ring of protection from fire
MPRegen  0.19/turn              m - ring of see invisible

@: confused, about to teleport, very slow
A: large, unfitting armour, slimy green scales 1, dopey 1, tough skin 1
a: Bend Time, Temporal Distortion, Slouch, Step From Time, Renounce Religion


You were on level 4 of the Swamp.
You worshipped Cheibriados.
Cheibriados was extremely pleased with you.
You were not hungry.

You visited 5 branches of the dungeon, and saw 28 of its levels.
You also visited: Sewer and Volcano.

You collected 3306 gold pieces.
You spent 2086 gold pieces at shops.

Inventory:

Hand Weapons
 a - a +3 giant spiked club of electrocution
 d - the +11 arbalest of Distant Worlds {elec, Int+5}
   (You found it in a sewer)

   It charges the ammunition it shoots with electricity; occasionally upon a
   hit, such missiles may discharge and cause terrible harm.
   It affects your intelligence (+5).
 t - a +3 dire flail of protection (weapon)
Missiles
 c - 19 large rocks (quivered)
 z - 29 bolts
Armour
 b - a +3 troll leather armour (worn)
 h - a +1 cloak (worn)
 x - a +2 robe of cold resistance
 A - a scarf of repulsion
 D - a +1 hat (worn)
 Y - +0 acid dragon scales
Jewellery
 l - a ring of protection from fire (left hand)
 m - a ring of see invisible (right hand)
 o - an uncursed amulet of the acrobat
 G - an amulet of regeneration (around neck)
 M - an uncursed ring of wizardry
 N - an uncursed ring of fire
 Q - an uncursed ring of flight
Wands
 r - a wand of polymorph (26)
 v - a wand of flame (37)
 B - a wand of digging (7)
 I - a wand of iceblast (9)
 J - a wand of acid (1)
 K - a wand of paralysis (10)
 O - a wand of disintegration (56)
 U - a wand of clouds (2)
 X - a wand of enslavement (2)
Scrolls
 i - a scroll of fog
 w - 6 scrolls of identify
 y - 10 scrolls of remove curse
 E - 4 scrolls of immolation
 F - 8 scrolls of amnesia
 H - a scroll of holy word
 S - a scroll of magic mapping
 V - 4 scrolls of blinking
 Z - a scroll of silence
Potions
 e - 2 potions of mutation
 g - a potion of brilliance
 j - 3 potions of might
 k - 7 potions of lignification
 n - 3 potions of resistance
 p - 3 potions of flight
 q - a potion of invisibility
 u - a potion of cancellation
 L - a potion of magic
 R - 2 potions of curing
 W - a potion of heal wounds
Comestibles
 f - 33 rations


   Skills:
 - Level 16.7 Fighting
 - Level 14.3 Maces & Flails
 - Level 9.3 Crossbows
 - Level 4.0 Throwing
 - Level 2.5 Armour
 - Level 14.0 Dodging
 + Level 5.6 Stealth
 - Level 2.6 Hexes
 - Level 7.0 Translocations
 - Level 11.2 Invocations
 - Level 3.0 Evocations


You had 11 spell levels left.
You knew the following spells:

 Your Spells              Type           Power        Failure   Level  Hunger
a - Blink                 Tloc           N/A          1%          2    ###....
b - Portal Projectile     Hex/Tloc       ###...       7%          3    ####...

Your spell library contained the following spells:

 Spells                   Type           Power        Failure   Level  Hunger
 Corona                   Hex            ##.....      5%          1    ##.....
 Slow                     Hex            ##......     9%          2    ###....
 Beastly Appendage        Tmut           #.....       16%         1    ##.....
 Magic Dart               Conj           #...         16%         1    ##.....
 Summon Small Mammal      Summ           #...         16%         1    ##.....
 Call Imp                 Summ           #.......     24%         2    ###....
 Poisonous Vapours        Pois/Air       #.....       24%         2    ###....
 Sticks to Snakes         Tmut           #.......     24%         2    ###....
 Inner Flame              Hex/Fire       #.......     28%         3    ####...
 Summon Guardian Golem    Hex/Summ       #.......     28%         3    ####...
 Call Canine Familiar     Summ           #.......     43%         3    ####...
 Conjure Flame            Conj/Fire      #.......     43%         3    ####...
 Mephitic Cloud           Conj/Pois/Air  #.......     43%         3    ####...
 Spider Form              Tmut/Pois      #.........   43%         3    ####...
 Cause Fear               Hex            ##........   47%         4    #####..
 Leda's Liquefaction      Hex/Erth       #.........   67%         4    #####..
 Ice Form                 Ice/Tmut       #.......     85%         4    #####..
 Summon Ice Beast         Ice/Summ       #.......     85%         4    #####..
 Summon Lightning Spire   Summ/Air       #.......     85%         4    #####..
 Silence                  Hex/Air        #.........   95%         5    ######.
 Blade Hands              Tmut           #.........   99%         5    ######.
 Irradiate                Conj/Tmut      #.........   99%         5    ######.
 Conjure Ball Lightning   Conj/Air       #.........   100%        6    #######
 Deflect Missiles         Chrm/Air       #.........   100%        6    #######
 Freezing Cloud           Conj/Ice/Air   #.........   100%        6    #######
 Hydra Form               Tmut           #.........   100%        6    #######
 Statue Form              Tmut/Erth      #........    100%        6    #######
 Dragon Form              Tmut           #.........   100%        7    #######
 Ring of Flames           Chrm/Fire      #.........   100%        7    #######
 Tornado                  Air            #.........   100%        9    #######


Dungeon Overview and Level Annotations

Branches:
Dungeon (15/15)            Temple (1/1) D:6            Lair (6/6) D:11
  Swamp (4/4) Lair:4       Spider (0/4) Lair:2        Slime (0/5) Lair:6
    Orc (2/2) D:10            Elf (0/3) Orc:2        Vaults (0/5) D:14
 Depths (0/5) D:15

Altars:
Ashenzari
Cheibriados
Dithmenos
Elyvilon
Fedhas
Gozag
Hepliaklqana
Kikubaaqudgha
Makhleb
Nemelex Xobeh
Okawaru
Qazlal
Ru
Sif Muna
Trog
Uskayaw
Vehumet
Wu Jian
Xom
Yredelemnul
Zin
The Shining One
Jiyva

Shops:
D:7 *   D:10 =[(   Orc:2 %*[:

Portals:
Pandemonium: Orc:2

Annotations:
Lair:1 3 runed translucent doors, nikopol's ghost, journeyman DEFE
Swamp:4 Lernaean hydra


Innate Abilities, Weirdness & Mutations

You are too large for most types of armour.
You have tough skin. (AC +1)
You are partially covered in slimy green scales. (AC +2)
You are dopey. (Int -2)


Message History

The eight-headed hydra completely misses you.
The eight-headed hydra closely misses you. x2
The eight-headed hydra bites you.
* * * LOW HITPOINT WARNING * * *
The eight-headed hydra bites you.
* * * LOW HITPOINT WARNING * * *
The eight-headed hydra closely misses you.
The eight-headed hydra completely misses you.
The eight-headed hydra closely misses you.
You're too confused to cast spells.
You closely miss the eight-headed hydra.
The eight-headed hydra is moderately wounded.
The eight-headed hydra misses you. x2
The eight-headed hydra bites you but does no damage.
The eight-headed hydra bites you.
* * * LOW HITPOINT WARNING * * *
The eight-headed hydra misses you. The eight-headed hydra bites you!
* * * LOW HITPOINT WARNING * * *
The eight-headed hydra misses you. The eight-headed hydra bites you.
You die...

≈≈≈≈≈≈ ≈ §...≈ ≈= ≈#.≈ #
[≈ ≈≈. ≈# .. .D ≈≈ # #≈
≈#(#≈≈# #≈##D≈(≈≈≈#
#.k@DD.#≈ #≈###≈(.# #≈
##(≈.# ♣ # )(###≈♣ ###
#[## ( ♣# ♣♣ ♣≈###..#≈♣
♣♣♣♣ ≈≈≈
♣≈♣♣.≈#...#.♣♣♣≈.♣
≈≈≈≈♣♣≈≈≈♣.#.k.≈♣♣≈≈≈.♣♣
≈≈≈≈≈≈≈#≈♣♣○°°≈♣♣♣≈≈§#.♣


You could see 2 eight-headed hydras, a six-headed hydra, a swamp dragon and a
swamp drake.

Vanquished Creatures
  Rupert (D:14)
  The ghost of Dotuiv the Tortoise, an adept FoFi of Makhleb (Swamp:2)
  Agnes (D:14)
  Kirke (Lair:6)
  A thorn hunter (Swamp:1)
  Roxanne (D:14)
  A stone giant (shapeshifter) (D:14)
  Nessos (Orc:2)
  Snorg (Orc:2)
  8 vault guards (D:14)
  2 fire dragons (D:15)
  Fannar (D:10)
  A hydra (shapeshifter) (D:14)
  15 hydras
  A ghost crab (Swamp:3)
  2 shambling mangroves
  Erica (D:9)
  2 centaur warriors
  2 catoblepae (Lair:6)
  12 alligators
  2 two-headed ogres
  A death yak (Lair:4)
  Urug (D:10)
  6 orc high priests (Orc:2)
  5 spriggans
  2 unseen horrors
  A spriggan druid (Swamp:3)
  A wizard (D:14)
  8 swamp dragons
  An obsidian statue (D:15)
  2 torturous demonspawn (Orc:2)
  5 orc knights
  A deep elf mage (D:15)
  A wolf spider (shapeshifter) (D:14)
  6 orc sorcerers
  3 oklob plants (Lair:4)
  2 manticores
  31 ugly things
  2 cyclopes
  Maurice (Orc:2)
  4 black mambas
  9 elephants
  A centaur zombie (D:12)
  A black mamba (shapeshifter) (D:15)
  2 smoke demons
  A torpor snail (Lair:6)
  2 rust devils (Orc:2)
  Psyche (D:8)
  3 gargoyles
  4 rime drakes (Lair:5)
  19 spiny frogs
  6 komodo dragons
  A yaktaur (D:14)
  An ice devil (Orc:2)
  A queen bee (Lair:4)
  A polar bear (Lair:6)
  4 red devils
  5 trolls
  3 meliai (Lair:4)
  28 blink frogs
  9 hornets
  13 tyrant leeches
  8 bog bodies
  7 slime creatures
  11 hippogriffs
  A water elemental (D:15)
  Sigmund (D:2)
  2 shadows (Swamp:1)
  25 yaks
  A redback (shapeshifter) (D:14)
  6 hogs (Lair:6)
  2 wyverns (Lair:5)
  2 vampires
  3 basilisks
  31 vampire mosquitoes
  2 steam dragons
  Edmund (D:5)
  2 insubstantial wisps (Lair:5)
  3 acid dragons
  13 swamp worms
  6 porcupines
  18 water moccasins
  A hell hound (Volcano)
  Purgy (Sewer)
  A black bear (D:6)
  8 sky beasts
  10 swamp drakes
  8 ice beasts
  35 orc warriors
  15 ogres
  A boggart (D:14)
  5 phantoms
  5 centaurs
  12 crocodiles
  2 big kobolds
  27 bullfrogs
  2 gnoll sergeants
  A wyvern skeleton (D:10)
  7 scorpions
  26 killer bees
  14 wights
  2 electric eels
  5 howler monkeys
  7 crimson imps
  A lava snake (D:13)
  6 jellies
  2 quasits
  5 centaur skeletons
  9 hounds
  18 orc priests
  3 bullfrog skeletons
  20 orc wizards
  An iguana (D:8)
  Ijyb (D:5)
  9 worker ants
  7 hell rats (Lair:6)
  A worker ant zombie (D:6)
  27 gnolls
  22 adders
  4 river rats
  8 shadow imps
  4 adder skeletons
  An adder zombie (D:6)
  2 worms
  3 dart slugs
  3 leopard geckos
  59 orcs
  3 bats
  2 bat skeletons (D:2)
  2 bat zombies (D:2)
  5 giant cockroaches
  6 goblins
  9 hobgoblins
  10 jackals
  18 kobolds
  4 quokkas
  3 ball pythons
  10 frilled lizards
  A jackal skeleton (D:6)
  A leopard gecko zombie (D:5)
  A quokka skeleton (D:8)
  10 rats
  2 plants
900 creatures vanquished.

Vanquished Creatures (collateral kills)
  2 crocodiles (Lair:2)
  A bullfrog (Lair:2)
  2 orcs (D:9)
5 creatures vanquished.

Vanquished Creatures (others)
  A shadow (Swamp:1)
  A human (Lair:6)
  A killer bee (D:8)
  A rat (Lair:6)
  18 fungi
  58 plants
80 creatures vanquished.

Grand Total: 985 creatures vanquished

Notes
Turn   | Place    | Note
-------+----------+-------------------------------------------
     0 | D:1      | Ijustatesigmund the Ogre Hunter began the quest for the
                  | Orb.
     0 | D:1      | Reached XP level 1. HP: 22/22 MP: 1/1
    31 | D:1      | Reached skill level 3 in Fighting
    65 | D:1      | Reached XP level 2. HP: 20/32 MP: 2/2
   338 | D:1      | Reached skill level 4 in Fighting
   375 | D:1      | Reached XP level 3. HP: 3/40 MP: 3/3
   910 | D:1      | Reached skill level 5 in Fighting
  1526 | D:2      | Reached XP level 4. HP: 39/52 MP: 4/4
  1683 | D:2      | Found a stormy altar of Qazlal.
  1791 | D:2      | Noticed Sigmund
  1807 | D:2      | Killed Sigmund
  1807 | D:2      | Reached skill level 8 in Fighting
  1807 | D:2      | Reached XP level 5. HP: 42/63 MP: 5/5
  1807 | D:2      | Reached XP level 6. HP: 48/72 MP: 6/6
  2111 | D:2      | Found an ancient bone altar of Kikubaaqudgha.
  2704 | D:3      | Found a white marble altar of Elyvilon.
  2806 | D:2      | Reached skill level 1 in Maces & Flails
  3588 | D:3      | Found a blossoming altar of Fedhas.
  3915 | D:4      | Reached XP level 7. HP: 36/80 MP: 7/7
  4048 | D:4      | Found a glowing drain.
  4052 | Sewer    | Entered a sewer
  4262 | Sewer    | Noticed Purgy
  4276 | Sewer    | Killed Purgy
  4288 | Sewer    | Got a fine arbalest
  4289 | Sewer    | Identified the +11 arbalest of Distant Worlds {elec, Int+5}
                  | (You found it in a sewer)
  4808 | D:4      | Reached skill level 5 in Maces & Flails
  4946 | D:4      | Reached XP level 8. HP: 87/88 MP: 8/8
  5224 | D:4      | Gained mutation: You are dopey. (Int -2) [potion of
                  | mutation]
  5224 | D:4      | Gained mutation: You are partially covered in slimy green
                  | scales. (AC +2) [potion of mutation]
  5283 | D:4      | Found a deep blue altar of Sif Muna.
  5518 | D:5      | Entered Level 5 of the Dungeon
  5642 | D:5      | Reached skill level 1 in Crossbows
  5688 | D:5      | Noticed Ijyb
  5970 | D:5      | Killed Ijyb
  6164 | D:5      | Noticed Edmund
  6173 | D:5      | Killed Edmund
  6383 | D:5      | Upgraded the game from 0.24-a0-443-g80245de385 to
                  | 0.24-a0-446-g87df7205b4
  6409 | D:5      | Found an iron altar of Okawaru.
  6685 | D:6      | Reached XP level 9. HP: 96/97 MP: 9/9
  6763 | D:6      | Reached skill level 9 in Fighting
  6919 | D:6      | Found a hazy altar of Hepliaklqana.
  7067 | D:6      | Found a staircase to the Ecumenical Temple.
  8156 | D:7      | Found a sparkling altar of Nemelex Xobeh.
  8717 | D:7      | Reached XP level 10. HP: 107/110 MP: 10/10
  8833 | D:7      | Found Ehasaeme's Assorted Antiques.
  8836 | D:7      | Bought a scroll labeled KIT FIFUEVVAL for 27 gold pieces
  8836 | D:7      | Bought a potion of heal wounds for 135 gold pieces
  9027 | D:7      | Found a basalt altar of Yredelemnul.
  9072 | D:7      | Reached skill level 10 in Fighting
  9382 | D:8      | Noticed Psyche
  9397 | D:8      | Killed Psyche
  9559 | D:8      | Reached skill level 5 in Dodging
  9710 | D:8      | Reached skill level 10 in Maces & Flails
  9904 | D:8      | Found a sacrificial altar of Ru.
 10090 | D:8      | Found a bloodstained altar of Trog.
 11131 | D:9      | Found an ornate altar of the Wu Jian Council.
 11137 | D:9      | Found a glowing silver altar of Zin.
 11138 | D:9      | Noticed Erica
 11183 | D:9      | Killed Erica
 11183 | D:9      | Reached skill level 11 in Fighting
 11816 | D:10     | Entered Level 10 of the Dungeon
 11819 | D:10     | Reached XP level 11. HP: 107/120 MP: 11/11
 11894 | D:10     | Found Jatunal's Jewellery Boutique.
 11897 | D:10     | Bought an uncursed ring of see invisible for 225 gold
                  | pieces
 11954 | D:10     | Noticed Urug
 11980 | D:10     | Noticed a purple ugly thing
 12475 | D:10     | Killed a purple ugly thing
 12588 | D:10     | Noticed Fannar
 12612 | D:10     | Killed Fannar
 12698 | D:10     | Reached skill level 1 in Armour
 12947 | D:10     | Found Wust's Weapon Boutique.
 12949 | D:10     | Found a staircase to the Orcish Mines.
 12974 | D:10     | Reached skill level 12 in Fighting
 13183 | D:10     | Found Mastav's Armour Boutique.
 13200 | D:10     | Killed Urug
 13615 | D:11     | Noticed a five-headed hydra
 13628 | D:11     | Killed a five-headed hydra
 13700 | D:11     | Found a staircase to the Lair.
 14263 | D:11     | Noticed a cyclops
 14266 | D:11     | Killed a cyclops
 14288 | D:11     | Noticed an unseen horror
 14305 | D:11     | Killed an unseen horror
 14647 | D:12     | Reached XP level 12. HP: 122/133 MP: 12/12
 14868 | D:12     | Reached skill level 5 in Crossbows
 15611 | Temple   | Entered the Ecumenical Temple
 15683 | Temple   | Became a worshipper of Cheibriados the Contemplative
 15788 | Lair:1   | Entered Level 1 of the Lair of Beasts
 15834 | Lair:1   | Found a runed translucent gate.
 15834 | Lair:1   | Found a runed translucent gate.
 15834 | Lair:1   | Noticed nikopol's ghost (journeyman DEFE)
 15835 | Lair:1   | Found a runed translucent gate.
 16154 | Lair:1   | Reached * piety under Cheibriados
 16352 | Lair:2   | Reached skill level 1 in Invocations
 16711 | Lair:2   | Found a hole to the Spider Nest.
 16929 | Lair:2   | Reached skill level 13 in Fighting
 17282 | Lair:2   | Noticed a six-headed hydra
 17287 | Lair:2   | Killed a six-headed hydra
 17555 | Lair:3   | Reached skill level 5 in Invocations
 17671 | Lair:3   | Noticed a six-headed hydra
 17789 | Lair:3   | Found a dark tunnel.
 17796 | Volcano  | Entered a volcano
 17873 | Volcano  | Reached XP level 13. HP: 132/145 MP: 15/17
 17915 | Volcano  | Reached ** piety under Cheibriados
 17927 | Volcano  | Reached skill level 14 in Fighting
 19022 | Lair:4   | Found a staircase to the Swamp.
 19431 | Lair:4   | Reached *** piety under Cheibriados
 19487 | Lair:4   | Reached **** piety under Cheibriados
 20145 | Lair:5   | Reached skill level 15 in Fighting
 20266 | Lair:5   | Reached ***** piety under Cheibriados
 20414 | Lair:5   | You fall into a shaft and drop 1 floor!
 20414 | Lair:6   | Entered Level 6 of the Lair of Beasts
 20425 | Lair:6   | Noticed Kirke
 20493 | Lair:6   | Reached XP level 14. HP: 159/159 MP: 20/20
 21034 | Lair:5   | HP: 1/161 [tyrant leech (22)]
 21343 | Lair:6   | Killed Kirke
 21798 | Lair:6   | Reached skill level 16 in Fighting
 22340 | Lair:6   | Found a staircase to the Slime Pits.
 22340 | Lair:6   | Found a viscous altar of Jiyva.
 22815 | Orc:1    | Entered Level 1 of the Orcish Mines
 22969 | Orc:2    | Entered Level 2 of the Orcish Mines
 23176 | Orc:2    | Noticed Snorg
 23186 | Orc:2    | Killed Snorg
 23186 | Orc:2    | Reached ****** piety under Cheibriados
 23191 | Orc:2    | Reached skill level 1 in Evocations
 23264 | Orc:2    | Noticed Nessos
 23270 | Orc:2    | Killed Nessos
 23342 | Orc:2    | Reached skill level 10 in Invocations
 23431 | Orc:2    | Found a staircase to the Elven Halls.
 23585 | Orc:2    | Reached XP level 15. HP: 170/170 MP: 22/22
 23599 | Orc:2    | Noticed Maurice
 23617 | Orc:2    | Killed Maurice
 23838 | Orc:2    | Found Quvvarek's General Store.
 23854 | Orc:2    | Found Qenoef's Food Shoppe.
 23984 | Orc:2    | Bought a scroll of teleportation for 45 gold pieces
 23984 | Orc:2    | Bought 2 potions of curing for 90 gold pieces
 24636 | Orc:2    | Found Plog's Book Shop.
 24636 | Orc:2    | Found a one-way gate leading to the halls of Pandemonium.
 24636 | Orc:2    | Found Ceym Pet's Antique Armour Boutique.
 24642 | Orc:2    | Bought a manual of Dodging for 1324 gold pieces
 24642 | Orc:2    | Bought a book of Minor Magic for 240 gold pieces
 24645 | Orc:2    | Learned a level 2 spell: Blink
 25269 | D:13     | Reached skill level 1 in Translocations
 26029 | D:14     | Found a shattered altar of Ashenzari.
 26167 | D:14     | Noticed Rupert
 26173 | D:14     | Killed Rupert
 26198 | D:14     | Identified Roxanne's Catalogue of Clay
 26198 | D:14     | Noticed Roxanne
 26243 | D:14     | Reached skill level 10 in Dodging
 26259 | D:14     | Noticed Agnes
 26271 | D:14     | Killed Agnes
 26539 | D:14     | Killed Roxanne
 26546 | D:14     | Reached skill level 5 in Translocations
 26863 | D:14     | Found a gate to the Vaults.
 26934 | D:14     | Noticed a ghost moth
 27063 | D:14     | Noticed a shadow dragon
 27142 | D:14     | Reached XP level 16. HP: 163/180 MP: 17/23
 27236 | D:15     | Entered Level 15 of the Dungeon
 28292 | D:15     | Found a staircase to the Depths.
 28947 | Swamp:1  | Entered Level 1 of the Swamp
 29694 | Swamp:1  | Noticed a thorn hunter
 29702 | Swamp:1  | Killed a thorn hunter
 29931 | Swamp:1  | Found a glowing golden altar of the Shining One.
 30059 | Swamp:2  | Found a runed translucent door.
 30065 | Swamp:2  | Noticed Dotuiv's ghost (adept FoFi)
 30080 | Swamp:2  | Killed Dotuiv's ghost
 30100 | Swamp:2  | Learned a level 3 spell: Portal Projectile
 30282 | Swamp:2  | Reached skill level 1 in Hexes
 30598 | Swamp:2  | Reached XP level 17. HP: 41/189 MP: 25/25
 31337 | Swamp:3  | Reached skill level 1 in Stealth
 32238 | Swamp:4  | Entered Level 4 of the Swamp
 32311 | Swamp:4  | Reached skill level 5 in Stealth
 32521 | Swamp:4  | Noticed the 27-headed Lernaean hydra
 32525 | Swamp:4  | HP: 6/189 [eight-headed hydra (12)]
 32525 | Swamp:4  | Slain by an eight-headed hydra

Levels and vault maps discovered:
D:1:      mainiacjoe_arrival_reflecting_pool, layout_loops_ring,
          minmay_heptomino_w4
D:2:      layout_loops_ring, grunt_qazlal_clouds, kennysheep_vampire_church,
          uniq_sigmund
D:3:      layout_loops_ring, lemuel_round_altar, elyvilon_altar_5
D:4:      layout_loops_corners, lemuel_blue_sif_altar, gup_sewer_entry_bowl
D:5:      layout_loops_ring, old_standard_altar, first_ration, nicolae_sextant,
          uniq_ijyb, uniq_edmund
D:6:      layout_loops_ring, kennysheep_mini, minmay_temple_entry_tees,
          kennysheep_small_square
D:7:      layout_loops_ring, yredelemnul_altar_generic,
          nemelex_xobeh_ov_fountains_minmay, serial_shops,
          nicolae_shop_behind_doors, grunt_ogre_cave, grunt_decor_arrowhead,
          hangedman_decor_riveting
D:8:      layout_gridville, nicolae_overflow_hidden_temple,
          overflow_temple_1_default, minmay_between, uniq_psyche
D:9:      layout_gridville, chequers_temple_overflow_statue_of_worship,
          uniq_erica
D:10:     layout_roguey, orc_david_3, serial_shops, nicolae_shop_behind_doors,
          serial_curves, eino_curves_04, eino_curves_01, eino_curves_01,
          uniq_fannar, uniq_urug
D:11:     layout_irregular_city, lair_entry_dummy
D:12:     layout_basic
D:13:     layout_cave_pods, nicolae_lava_and_water
D:14:     layout_cave_pools, erik_vaults_2, ashenzari_altar_1,
          chequers_serial_rivers_small_b, minivault_12, uniq_agnes, uniq_rupert,
          uniq_roxanne
D:15:     grunt_enter_depths_hoard, layout_basic, kennysheep_crisscross,
          minivault_16
Temple:   compressed_dpeg_triangle_lava_temple
Lair:1:   layout_big_grid, gammafunk_ghost_split
Lair:2:   layout_cave_pods, spider_nest_entry_webs,
          chequers_serial_rivers_small_b, minmay_holes
Lair:3:   layout_chaotic_city, nicolae_volcano_entry_hallway, wad_woods_road_02,
          serial_bayou_lake_a
Lair:4:   layout_hall_layers, skrybe_swamp_entry_bodies, special_room
          [special_room_bee], chequers_serial_rivers_micro_d,
          minmay_lair_oklob_chamber
Lair:5:   layout_hall_layers, special_room [special_room_mythical_zoo], pond,
          grunt_megastairs_5
Lair:6:   minmay_lair_end_frog_pond, layout_small_grid, slime_altar_1,
          kennysheep_abandoned_house, uniq_kirke
Swamp:1:  layout_basic_swamp, basic_altar
Swamp:2:  layout_falls_marsh, ebering_ghost_inner_flame,
          nicolae_swamp_feature_on_the_river_bank, swamp_pool3
Swamp:3:  layout_falls_marsh, evilmike_swamp_ruin_house_6
Swamp:4:  swamp_old_school, layout_basic_swamp, swamp_pool5, uniq_bai_suzhen,
          uniq_aizul
Orc:1:    lemuel_ogre_cave, layout_caves
Orc:2:    pf_orc_diabolical, layout_diamond_mine, uniq_maurice, uniq_snorg,
          uniq_nessos

Skill      XL: |  1  2  3  4  5  6  7  8  9 10 11 12 13 14 15 16 17 |
---------------+----------------------------------------------------+-----
Fighting       | 3 4 5 8 9 11 12 13 15 16 | 16.7
Dodging        | 2 4 6 7 8 11 14 | 14.0
Maces & Flails | 3 5 7 9 10 12 13 14 | 14.3
Crossbows      | 2 4 6 7 8 9 |  9.3
Armour         | 2 |  2.5
Invocations    | 5 8 10 11 | 11.2
Evocations     | 1 3 |  3.0
Translocations | 5 7 |  7.0
Hexes          | 2 |  2.6
Stealth        | 5 |  5.6
Throwing       | |  4.0

Action                   |  1- 3 |  4- 6 |  7- 9 | 10-12 | 13-15 | 16-18 || total
-------------------------+-------+-------+-------+-------+-------+-------++-------
Melee: Short sword       |   140 |    84 |       |       |       |       ||   224
       Mace              |       |   112 |   101 |       |       |       ||   213
       Giant club        |       |       |    75 |       |       |       ||    75
       Dire flail        |       |       |   187 |   738 |   962 |   251 ||  2138
       Unarmed           |       |       |    12 |       |       |       ||    12
       Giant spiked club |       |       |       |     1 |   114 |   244 ||   359
 Fire: Arbalest          |       |       |       |    31 |   220 |   106 ||   357
Throw: Large rock        |     3 |     8 |    24 |    23 |    12 |       ||    70
       Throwing net      |       |       |     3 |     3 |       |       ||     6
 Cast: Blink             |       |       |       |       |     1 |     3 ||     4
Invok: Slouch            |       |       |       |       |     9 |     9 ||    18
       Bend Time         |       |       |       |       |       |     1 ||     1
Evoke: Wand              |       |       |     3 |     8 |    14 |     4 ||    29
  Use: Scroll            |       |     7 |    10 |    16 |    10 |    12 ||    55
       Potion            |       |     1 |     7 |    14 |    11 |     7 ||    40
 Stab: Sleeping          |       |     3 |     3 |     5 |     6 |     2 ||    19
       Held in net/web   |       |       |     1 |     1 |       |       ||     2
       Confused          |       |       |     1 |       |       |     2 ||     3
       Invisible         |       |       |       |     4 |       |       ||     4
       Distracted        |       |       |       |       |       |     1 ||     1
  Eat: Chunk             |     2 |     7 |    10 |    16 |    10 |     5 ||    50
       Ration            |       |       |     2 |     3 |     3 |     2 ||    10
Armor: Robe              |    44 |   109 |   144 |   111 |       |       ||   408
       Troll leather arm |       |       |       |   147 |   377 |   163 ||   687
Dodge: Dodged            |    73 |   142 |   219 |   401 |   898 |   671 ||  2404

Table legend:
 A = Non-vault XP
 B = Vault XP
 C = Vault XP percentage of total XP
 D = Non-vault monster count
 E = Vault monster count
 F = Vault count percentage of total count
                 A         B        C        D         E       F
            +---------+---------+-------+---------+---------+-------
      Total |  118494 |   88669 |  42.8 |     629 |     274 |  30.3
            +---------+---------+-------+---------+---------+-------
        D:1 |      50 |       9 |  15.3 |      26 |       6 |  18.8
        D:2 |      98 |     235 |  70.6 |      22 |       5 |  18.5
        D:3 |      83 |       0 |   0.0 |      17 |       0 |   0.0
        D:4 |     682 |      14 |   2.0 |      23 |       2 |   8.0
        D:5 |     693 |     207 |  23.0 |      24 |       2 |   7.7
        D:6 |    1271 |     119 |   8.6 |      24 |       2 |   7.7
        D:7 |    1300 |     121 |   8.5 |      26 |       1 |   3.7
        D:8 |    1436 |     576 |  28.6 |      29 |       5 |  14.7
        D:9 |    1159 |     912 |  44.0 |      18 |       1 |   5.3
       D:10 |    3215 |    2513 |  43.9 |      34 |       9 |  20.9
       D:11 |    3245 |       0 |   0.0 |      17 |       0 |   0.0
       D:12 |    4648 |       0 |   0.0 |      31 |       0 |   0.0
       D:13 |    3966 |       0 |   0.0 |      27 |       0 |   0.0
       D:14 |    3405 |   21567 |  86.4 |      12 |      22 |  64.7
       D:15 |   16304 |    2817 |  14.7 |      36 |       3 |   7.7
     Lair:1 |    2221 |       0 |   0.0 |      14 |       0 |   0.0
     Lair:2 |    5639 |       0 |   0.0 |      24 |       0 |   0.0
     Lair:3 |    1503 |     542 |  26.5 |       6 |       2 |  25.0
     Lair:4 |    4573 |    5714 |  55.5 |      13 |      32 |  71.1
     Lair:5 |    4304 |    7346 |  63.1 |      13 |      29 |  69.0
     Lair:6 |   10202 |   15246 |  59.9 |      33 |      62 |  65.3
    Swamp:1 |   12109 |       0 |   0.0 |      29 |       0 |   0.0
    Swamp:2 |   17870 |    2637 |  12.9 |      36 |       2 |   5.3
    Swamp:3 |   12974 |       0 |   0.0 |      36 |       0 |   0.0
    Swamp:4 |    1125 |    6174 |  84.6 |       6 |      10 |  62.5
      Orc:1 |     963 |       0 |   0.0 |      12 |       0 |   0.0
      Orc:2 |    3456 |   19466 |  84.9 |      41 |      67 |  62.0
      Sewer |       0 |     172 | 100.0 |       0 |       6 | 100.0
    Volcano |       0 |    2282 | 100.0 |       0 |       6 | 100.0
            +---------+---------+-------+---------+---------+-------
